 Dungeon Crawl Stone Soup version 0.32-a0-128-g77eb882913 (webtiles) character file.

Game seed: 5113438539932061615

121 pokeman the Magician (level 4, 0/25 HPs)
             Began as a Deep Elf Hedge Wizard on Feb 7, 2024.
             Slain by a jackal (2 damage)
             ... on level 4 of the Dungeon.
             The game lasted 00:04:07 (2872 turns).

pokeman the Magician (Deep Elf Hedge Wizard)        Turns: 2872, Time: 00:04:08

Health: 0/25       AC:  3    Str: 10    XL:     4   Next: 77%
Magic:  10/22      EV: 13    Int: 21    God:
Gold:   185        SH:  0    Dex: 14    Spells: 2/14 levels left

rFire   . . .        v - +7 short sword of Truncation {freeze, rC+ Str+3}
rCold   + . .        (no shield)
rNeg    + . .        b - +0 robe
rPois   .            c - +0 hat
rElec   .            e - scarf {repulsion}
rCorr   .            i - +0 pair of gloves
SInv    .            (no boots)
Will    .....        (no amulet)
Stlth   ++           h - ring of positive energy
HPRegen 0.24/turn    l - ring of magical power
MPRegen 0.18/turn

%: repel missiles
@: no status effects
A: no striking features
a: no special abilities


You were on level 4 of the Dungeon.
You visited 1 branch of the dungeon, and saw 4 of its levels.

You collected 185 gold pieces.

Inventory:

Hand Weapons
 g - a +2 whip of venom
 v - the +7 short sword of Truncation (weapon) {freeze, rC+ Str+3}
   (You found it on level 3 of the Dungeon)

   Str+3:     It affects your strength (+3).
   rC+:       It protects you from cold.
Armour
 b - a +0 robe (worn)
 c - a +0 hat (worn)
 e - a scarf of repulsion (worn)
 i - a +0 pair of gloves (worn)
Magical Staves
 n - a staff of death
Jewellery
 h - a ring of positive energy (left hand)
 l - a ring of magical power (right hand)
Wands
 s - a wand of digging (4)
Scrolls
 f - 3 scrolls of teleportation {unknown}
 k - 2 scrolls of enchant weapon {unknown}
 m - 2 scrolls of identify {unknown}
 q - a scroll of enchant armour {unknown}
Potions
 a - a potion of haste {unknown}
 d - a potion of magic
 j - 2 potions of enlightenment {unknown}
 o - 2 potions of lignification {unknown}
 r - a potion of degeneration {unknown}
 t - a potion of resistance {unknown}
 u - a potion of invisibility {unknown}


   Skills:
 - Level 1.0 Fighting
 - Level 1.0 Armour
 + Level 2.9 Dodging
 - Level 3.0 Stealth
 * Level 5.9 Spellcasting
 + Level 2.4 Conjurations
 - Level 1.1 Summonings
 - Level 1.1 Translocations
 + Level 0.0 Evocations


You had 2 spell levels left.
You knew the following spells:

 Your Spells              Type           Power      Damage    Failure   Level
a - Magic Dart            Conj           64%        1d6       3%          1
b - Mephitic Cloud        Conj/Alch/Air  9%         N/A       22%         3
c - Call Imp              Summ           20%        N/A       10%         2
d - Blink                 Tloc           20%        N/A       10%         2
e - Ignite Poison         Fire/Alch      6%         N/A       69%         4

Your spell library contained the following spells:

 Spells                   Type           Power      Damage    Failure   Level
 Freeze                   Ice            24%        1d4       10%         1
 Slow                     Hex            24%        N/A       10%         1
 Cigotuvi's Dreadful Rot  Necr/Alch/Air  12%        N/A       16%         2
 Hailstorm                Conj/Ice       11%        3d6       19%         3
 Frozen Ramparts          Ice            12%        1d2       30%         3
 Freezing Cloud           Conj/Ice/Air   4%         6-21      89%         5


Dungeon Overview and Level Annotations

Branches:
Dungeon (4/15)
 Temple: D:4-7

Altars:
Elyvilon
Fedhas
Kikubaaqudgha
The Shining One


Message History

The iguana is engulfed in noxious fumes.
The iguana appears confused.
You're too confused to move!
You're too confused to move!
The iguana barely misses you. The gnoll hits you but does no damage.
You bump into the rock wall.
The iguana barely misses you. The gnoll hits you with a +0 club.
You're too confused to move!
You bump into the rock wall.
The jackal misses you.
The iguana bites the gnoll but does no damage.
The gnoll hits you with a +0 club.
The gnoll hits you from afar with a +0 halberd.
* * * LOW HITPOINT WARNING * * *
Unknown command.
You're too confused to move!
The gnoll closely misses you.
The jackal bites you but does no damage.
The jackal barely misses you. The iguana misses you.
The iguana bites itself.
The gnoll closely misses you. The gnoll barely misses you.
An orc comes into view. It is wielding a +0 falchion.
The orc shouts!
The jackal bites you but does no damage.
The jackal barely misses you. The jackal closely misses you.
The gnoll hits you from afar with a +0 spear.
* * * LOW HITPOINT WARNING * * *
The iguana barely misses the gnoll.
The jackal misses you. The jackal bites you.
* * * LOW HITPOINT WARNING * * *
Unknown command.
You bump into the rock wall.
The gnoll misses you. The jackal completely misses you.
The jackal bites you but does no damage.
The gnoll barely misses you.
A kobold comes into view.
It is wielding a +0 dagger and quivering poisoned darts.
You bump into the rock wall.
You feel less confused.
The kobold shouts!
The jackal barely misses you. The gnoll barely misses you.
The jackal bites you.
You die...

<........#+#..#
............)# .
#....>......# #.. .
##........o.K#....
#. ..#........?.....
#.##.#..............
#.....##g...##......
#.....##hg.## .....
#...@hg.# ....
##.(.##.l# ...
#...<##...# ##
##...###.... #....
#......
##............
####.........
#.#.##... ##


You could see an iguana (confused), 3 gnolls, an orc, 2 jackals and a kobold.

Vanquished Creatures
  6 adders
  A ribbon worm (D:2)
  5 dart slugs
  2 orcs
  7 ball pythons
  3 bats (D:2)
  3 endoplasms
  3 giant cockroaches (D:1)
  A goblin (D:3)
  5 hobgoblins
  2 jackals (D:4)
  3 quokkas
  5 frilled lizards
  5 kobolds
  2 rats
53 creatures vanquished.

Notes
Turn   | Place    | Note
-------+----------+-------------------------------------------
     0 | D:1      | pokeman the Deep Elf Hedge Wizard began the quest for the
                  | Orb.
     0 | D:1      | Reached XP level 1. HP: 10/10 MP: 7/7
   284 | D:1      | Reached XP level 2. HP: 15/15 MP: 5/9
   865 | D:1      | Reached skill level 5 in Spellcasting
  1090 | D:2      | Reached XP level 3. HP: 20/20 MP: 11/11
  1094 | D:2      | Learned a level 3 spell: Mephitic Cloud
  1097 | D:2      | Learned a level 2 spell: Call Imp
  1100 | D:2      | Learned a level 2 spell: Blink
  1161 | D:2      | Found an ancient bone altar of Kikubaaqudgha.
  1463 | D:2      | Reached skill level 1 in Fighting
  1463 | D:2      | Reached skill level 1 in Armour
  1466 | D:2      | Identified the +1 spear "Lediad" {flame, +Blink rC- rCorr
                  | Dex+4}
  1589 | D:2      | Found a faded altar of an unknown god.
  1630 | D:2      | Reached XP level 4. HP: 25/25 MP: 13/13
  1935 | D:3      | Found a white marble altar of Elyvilon.
  2149 | D:3      | Found a glowing golden altar of the Shining One.
  2200 | D:3      | Found a blossoming altar of Fedhas.
  2384 | D:3      | Learned a level 4 spell: Ignite Poison
  2551 | D:3      | Identified the +7 short sword of Truncation {freeze, rC+
                  | Str+3}
  2872 | D:4      | Slain by a jackal

Illustrated notes

Levels and vault maps discovered:
D:1:      dpeg_arrival_tiny_c, layout_rooms, kennysheep_flooded_box,
          minmay_misc_feat_iff
D:2:      layout_loops_ring, basic_altar, chequers_ecumenical_altar_island
D:3:      layout_loops_ring, general_overflow_altar, tso_metal_star,
          fedhas_altar_fruit_tree
D:4:      layout_cave_pools, pdpol_wu_jian_five_deadly_venoms,
          minmay_temple_entry_wispy, serial_shops, kennysheep_mini_moat,
          minmay_rat_hole, uniq_crazy_yiuf_cottage

Skill      XL: |  1  2  3  4 |
---------------+-------------+-----
Spellcasting   | 5 |  5.9
Fighting       | 1 |  1.0
Armour         | 1 |  1.0
Conjurations   | 2 |  2.4
Stealth        | 3 |  3.0
Dodging        | |  2.9
Summonings     | |  1.1
Translocations | |  1.1

Action                     |  1- 3 |  4- 6 || total
---------------------------+-------+-------++-------
  Melee: Whip              |     5 |     5 ||    10
         Punch             |     2 |     1 ||     3
         Short sword       |       |     4 ||     4
   Cast: Magic Dart        |    97 |    42 ||   139
         Mephitic Cloud    |     1 |     2 ||     3
   Stab: Confused          |     1 |       ||     1
         Sleeping          |       |     1 ||     1
 Armour: Robe              |    11 |    16 ||    27
  Dodge: Dodged            |    16 |    28 ||    44
         Repelled          |       |     1 ||     1

Table legend: (Time is in decaauts)
 A = Elapsed time spent in this place.
 B = Non-inter-level travel time spent in this place.
 C = Inter-level travel time spent in this place.
 D = Time resting spent in this place.
 E = Time spent auto-exploring this place.
 F = Levels seen in this place.
 G = Mean time per level.
                   A        B        C        D        E       F      G
               +--------+--------+--------+--------+--------+-----+--------+
         Total |   2870 |   2763 |    107 |      0 |   2417 |   4 |  717.5 |
       Dungeon |   2870 |   2763 |    107 |      0 |   2417 |   4 |  717.5 |
               +--------+--------+--------+--------+--------+-----+--------+

Top non-repeatable levels by time:
     D:1: 1016 daAuts
     D:3: 921 daAuts
     D:2: 891 daAuts
     D:4: 41 daAuts
